AoeStats
← Ux'RaúlME

Arabia

508096654Analyzed
1v1 RM · 12d ago on Sep 20, 2026· 45m 6s· 2 players
Game mode
Random Map
Map size
Tiny (2 player)
Population
200
Speed
Normal
Resources
Standard
Victory
Conquest
Starting age
Dark Age
Ending age
Imperial Age
RankedLock teamsTeams togetherTeam positionsShared explorationLock speedFull tech treeHidden civsTurbo modeCheats
Victory
Defeat
🇺🇸 Dravidians · United States
1408
+15
🇲🇽 Italians · Mexico
1384
-15
Ux'RaúlME
6:01 Loom
9:01 Feudal Age
9:29 Double-Bit Axe
17:27 Horse Collar
20:17 Castle Age
19:12 Stone Mining
20:35 Gold Mining
24:47 Wheelbarrow
27:21 Fletching
32:05 Imperial Age
31:51 Ballistics
32:28 Padded Archer Armor
32:52 Bodkin Arrow
34:11 Bracer
34:53 Leather Archer Armor
38:15 Conscription
39:47 Chemistry
43:33 Ring Archer Armor
43:13 Husbandry
43:27 Murder Holes
43:10 Cavalier
44:36 Scale Barding Armor
44:42 Forging
44:51 Bloodlines
TyrantT
5:54 Loom
9:27 Feudal Age
10:20 Double-Bit Axe
10:15 Horse Collar
19:05 Castle Age
17:23 Gold Mining
18:57 Fletching
20:14 Bow Saw
20:41 Wheelbarrow
20:09 Bodkin Arrow
20:27 Husbandry
21:28 Ballistics
24:08 Padded Archer Armor
27:28 Hand Cart
27:32 Town Watch
30:29 Leather Archer Armor
34:57 Imperial Age
32:18 Elite Skirmisher
34:57 Stone Mining
36:04 Bracer
36:35 Ring Archer Armor
37:09 Chemistry
38:36 Ring Archer Armor
39:38 Scale Barding Armor
39:45 Masonry
41:18 Elite Elephant Archer
43:30 Thumb Ring
44:12 Light Cavalry
45:14 Chain Barding Armor
Connection lost

Rejoining the realm…

Still unreachable

The connection could not be restored.

Session expired

The server has moved on; the page needs a fresh start.